 Dungeon Crawl Stone Soup version 0.21-a0-529-g8c7b3f5 (webtiles) character file.

31 slep the Chopper (level 3, -1/18 HPs)
             Began as a Vine Stalker Gladiator on Dec 11, 2017.
             Slain by an adder (3 damage)
             ... on level 2 of the Dungeon.
             The game lasted 00:01:40 (741 turns).

slep the Chopper (Vine Stalker Gladiator)            Turns: 741, Time: 00:01:41

Health: -1/18      AC:  4    Str: 16    XL:     3   Next: 22%
Magic:  0/4        EV: 13    Int:  8    God:
Gold:   52         SH:  0    Dex: 16    Spells: 2/2 levels left

rFire    . . .     SeeInvis .   a - +0 war axe
rCold    . . .     Gourm    .   (no shield)
rNeg     . . .     Faith    .   b - +0 leather armour
rPois    .         Spirit   +   c - +0 helmet
rElec    .         Reflect  .   (no cloak)
rCorr    .         Harm     +   (no gloves)
MR       .....                  (no boots)
Stlth    +.........             g - amulet of harm
HPRegen  0.06/turn              (no ring)
MPRegen  0.09/turn              (no ring)

@: no status effects
A: fangs 2, magic shield, antimagic bite, no potion heal 3, rot immunity
a: no special abilities


You were on level 2 of the Dungeon.
You were not hungry.

You visited 1 branch of the dungeon, and saw 2 of its levels.

You collected 52 gold pieces.

Inventory:

Hand Weapons
 a - a +0 war axe (weapon)
Missiles
 d - 3 throwing nets (quivered)
Armour
 b - a +0 leather armour (worn)
 c - a +0 helmet (worn)
Jewellery
 g - an amulet of harm (around neck)
Scrolls
 e - a scroll of noise {unknown}
 h - 2 scrolls of identify {unknown}
Comestibles
 f - a bread ration


   Skills:
 + Level 2.0 Fighting
 + Level 3.2 Axes
 + Level 1.8 Throwing
 + Level 0.1 Armour
 + Level 2.8 Dodging


You had 2 spell levels left.
You didn't know any spells.

Dungeon Overview and Level Annotations

Branches:
Dungeon (2/15)

Altars:


Innate Abilities, Weirdness & Mutations

You have extremely sharp teeth.
When hurt, damage is shared between your health and your magic reserves.
Your bite disrupts and absorbs the magic of your enemies.
Potions cannot restore your health.
You are immune to rotting.


Message History

You feel sick. The adder bites you.
You miss the adder. Your bite misses the adder.
The adder is lightly wounded.
You feel sick.
The adder bites you but does no damage. x2
You barely miss the adder. You bite the adder, but do no damage.
The adder is lightly wounded.
The adder bites you.
You are lethally poisoned!
The adder poisons you! The adder bites you.
* * * LOW HITPOINT WARNING * * *
You hit the adder.
The adder is moderately wounded.
* * * LOW HITPOINT WARNING * * *
You feel sick. The adder misses you.
It was a potion of curing.
Your system rejects the healing.
You feel better. The adder closely misses you. The adder barely misses you.
You hit the adder.
The adder is almost dead.
The adder bites you.
You die...

#. #. .. #.
#?.....
#.##..#
###S##..#
#...@#..#
#....#..# #
#....#..# ..
#....#..# .#
#....#..# ..#
#....#..#...##
#....#........
#.............
#.....#....#..


You could see an adder.

Vanquished Creatures
  A gnoll (D:1)
  A dart slug (D:1)
  A leopard gecko (D:1)
  A bat (D:1)
  3 giant cockroaches
  A goblin (D:1)
  5 hobgoblins (D:1)
  3 rats (D:1)
16 creatures vanquished.

Notes
Turn   | Place    | Note
-------+----------+-------------------------------------------
     0 | D:1      | slep the Vine Stalker Gladiator began the quest for the Orb.
     0 | D:1      | Reached XP level 1. HP: 11/11 MP: 2/2
   110 | D:1      | Reached skill level 3 in Axes
   110 | D:1      | Reached XP level 2. HP: 4/15 MP: 3/3
   410 | D:1      | Reached XP level 3. HP: 16/18 MP: 4/4
   741 | D:2      | Slain by an adder

Vault maps used:
D:1:      dpeg_arrival_renting
D:2:      old_standard_altar, lemuel_crystal_altar,
          nicolae_overflow_crystal_walls

Skill      XL: |  1  2 |
---------------+-------+-----
Axes           | 3 |  3.2
Fighting       | 2 |  2.0
Throwing       | |  1.8
Armour         | |  0.1
Dodging        | |  2.8

Action                   || total
-------------------------++-------
Melee: War axe           ||    52
       Bite              ||     9
  Use: Potion            ||     1
 Stab: Sleeping          ||     1
Armor: Leather armour    ||    13
Dodge: Dodged            ||    30

Table legend:
 A = Spawn XP
 B = Non-spawn XP
 C = Spawn XP percentage of total XP
 D = Spawn monster count
 E = Non-spawn monster count
 F = Spawn count percentage of total count
 G = Total turns spent on level
                    A         B        C        D         E        F      G
               +---------+---------+-------+---------+---------+-------+---------
         Total |       0 |      45 |   0.0 |       0 |      16 |   0.0 |   741
               +---------+---------+-------+---------+---------+-------+---------
           D:1 |       0 |      43 |   0.0 |       0 |      15 |   0.0 |   712
           D:2 |       0 |       2 |   0.0 |       0 |       1 |   0.0 |    29
               +---------+---------+-------+---------+---------+-------+---------
